 Dungeon Crawl Stone Soup version 0.25.0-1-g7eea58d2a3 (webtiles) character file.

Game seed: 7606631433923853037

1565 Delamore the Basher (level 8, -15/46 HPs)
             Began as a Gargoyle Fighter on June 13, 2020.
             Was a Believer of Okawaru.
             Demolished by an orc warrior
             ... wielding a +0 dire flail of draining
              (22 damage)
             ... on level 7 of the Dungeon.
             The game lasted 00:08:58 (7283 turns).

Delamore the Basher (Gargoyle Fighter)              Turns: 7283, Time: 00:08:58

Health: -15/46     AC: 16    Str: 22    XL:     8   Next: 89%
Magic:  8/8        EV:  7    Int:  9    God:    Okawaru [**....]
Gold:   246        SH:  0    Dex:  9    Spells: 7/7 levels left

rFire    + . .     SeeInvis +   v - +2 flail (drain)
rCold    . . .     Gourm    .   c - +0 kite shield
rNeg     + . .     Faith    .   b - +0 scale mail
rPois    ∞         Spirit   .   A - +1 helmet {SInv}
rElec    +         Reflect  .   I - scarf {repulsion}
rCorr    .         Harm     .   k - +0 pair of gloves
MR       .....                  i - +0 pair of boots
Stlth    ..........             F - amulet of the acrobat
HPRegen  0.15/turn              o - ring of flight
MPRegen  0.11/turn              D - ring of protection from fire

@: confused, repel missiles
A: negative energy resistance 1, electricity resistance, unbreathing,
petrification resistance, rot immunity, AC +5
a: Heroism, Renounce Religion, Evoke Flight


You were on level 7 of the Dungeon.
You worshipped Okawaru.
Okawaru was pleased with you.
You were not hungry.

You visited 2 branches of the dungeon, and saw 8 of its levels.
You also visited: Sewer.

You collected 361 gold pieces.
You spent 115 gold pieces at shops.

Inventory:

Hand Weapons
 a - a +0 flail
 v - a +2 flail of draining (weapon)
Missiles
 x - 2 throwing nets (quivered)
Armour
 b - a +0 scale mail (worn)
 c - a +0 kite shield (worn)
 i - a +0 pair of boots (worn)
 k - a +0 pair of gloves (worn)
 A - a +1 helmet of see invisible (worn)
 I - a scarf of repulsion (worn)
Jewellery
 o - a ring of flight (left hand)
 D - a ring of protection from fire (right hand)
 F - an amulet of the acrobat (around neck)
Wands
 w - a wand of random effects (18)
 G - a wand of polymorph (7)
 J - a wand of paralysis (5)
 K - a wand of acid (7)
Scrolls
 e - 6 scrolls of teleportation
 h - 6 scrolls of identify
 l - 2 scrolls of remove curse
 m - 4 scrolls of enchant armour
 n - a scroll of amnesia
 r - a scroll of blinking
 t - 2 scrolls of fog {unknown}
 y - a scroll of enchant weapon {unknown}
 z - a scroll of fear {unknown}
 E - a scroll of immolation
Potions
 d - 3 potions of might
 g - 8 potions of flight
 j - 3 potions of curing {unknown}
 p - 3 potions of stabbing {unknown}
 q - a potion of resistance {unknown}
 s - 3 potions of heal wounds {unknown}
 u - a potion of degeneration {unknown}
 B - 3 potions of lignification {unknown}
 C - a potion of haste {unknown}
 H - a potion of mutation {unknown}
Comestibles
 f - 12 rations


   Skills:
 - Level 3.2 Fighting
 + Level 10.9 Maces & Flails
 - Level 3.2 Armour
 - Level 3.4 Shields


You had 7 spell levels left.
You didn't know any spells.
Your spell library contained the following spells:

 Spells                   Type           Power        Failure   Level  Hunger
 Animate Skeleton         Necr           N/A          99%         1    ##.....
 Pain                     Necr           #...         99%         1    ##.....
 Vampiric Draining        Necr           #.........   100%        3    ####...
 Animate Dead             Necr           N/A          100%        4    #####..
 Agony                    Necr           #.......     100%        5    ######.


Dungeon Overview and Level Annotations

Branches:
Dungeon (7/15)             Temple (1/1) D:4           Sewer (visited)

Altars:
Ashenzari
Cheibriados
Dithmenos
Fedhas
Gozag
Hepliaklqana
Kikubaaqudgha
Makhleb
Nemelex Xobeh
Okawaru
Qazlal
Ru
Sif Muna
Trog
Uskayaw
Wu Jian
Xom

Shops:
D:4 [


Innate Abilities, Weirdness & Mutations

You are resistant to torment.
Your stone body is resilient. (AC +5)
You are immune to poison.
You resist negative energy. (rN+)
You are resistant to electric shocks. (rElec)
You can survive without breathing.
You are immune to petrification.
You are immune to rotting.


Message History

You closely miss the orc wizard.
The orc wizard hits you but does no damage.
The orc priest closely misses you.
The orc warrior hits you with a +0 dire flail of draining!
You hit the orc priest. You drain the orc priest.
The orc priest is heavily wounded.
The orc hits you but does no damage.
The orc wizard hits you but does no damage.
The orc priest invokes the aid of Beogh against you.
Beogh smites you!
The orc warrior hits you with a +0 dire flail of draining!
* * * LOW HITPOINT WARNING * * *
Okay, then.
You miss the orc warrior. The orc hits you but does no damage.
The orc wizard casts a spell at you.
The magic dart hits you but does no damage.
The orc priest hits you but does no damage.
You're too confused to move!
The orc warrior hits you with a +0 dire flail of draining!!
You die...

.[...######....#........#
......... #...##........#
..........#...##...##...#
..........#...##...##...#
.........)#...##...##...#
..........#.............#
#'##......#.............#
...#..... ######o.(.....#
...#..... #@####...# ...#
..........ooo..##### ...#
.................. ≈≈##
#.............. #≈.#
#.............. '..#
#.............. #≈.#
#.............. ≈≈.#
######.........
.#.###+###


You could see an orc warrior, an orc priest (drained), an orc wizard and an orc.

Vanquished Creatures
  An ice beast (D:7)
  A phantom (D:6)
  4 centaurs
  A bullfrog (D:6)
  A scorpion (D:4)
  A howler monkey (D:4)
  2 crimson imps (D:6)
  A bullfrog zombie (D:5)
  A centaur zombie (D:6)
  2 jellies
  4 hounds
  2 orc wizards
  2 orc priests
  5 worker ants
  4 gnolls
  9 adders
  A river rat (D:6)
  3 shadow imps
  6 oozes
  2 adder zombies (D:5)
  5 worms
  2 dart slugs
  8 leopard geckos
  19 orcs
  7 ball pythons
  5 giant cockroaches
  2 goblins
  11 hobgoblins
  15 jackals
  8 quokkas
  20 bats
  4 frilled lizards
  2 jackal skeletons
  5 kobolds
  A leopard gecko zombie (D:6)
  7 rats
174 creatures vanquished.

Vanquished Creatures (others)
  A dart slug (D:7)
1 creature vanquished.

Grand Total: 175 creatures vanquished

Notes
Turn   | Place    | Note
-------+----------+-------------------------------------------
     0 | D:1      | Delamore the Gargoyle Fighter began the quest for the Orb.
     0 | D:1      | Reached XP level 1. HP: 14/14 MP: 1/1
   398 | D:1      | Reached skill level 3 in Maces & Flails
   398 | D:1      | Reached XP level 2. HP: 19/19 MP: 2/2
   624 | D:2      | Reached XP level 3. HP: 19/23 MP: 3/3
   848 | D:2      | Reached skill level 4 in Maces & Flails
   856 | D:2      | Reached XP level 4. HP: 22/28 MP: 4/4
  1151 | D:2      | Found a bloodstained altar of Trog.
  1518 | D:2      | Reached skill level 5 in Maces & Flails
  1518 | D:2      | Reached XP level 5. HP: 15/32 MP: 5/5
  2415 | D:3      | Reached skill level 6 in Maces & Flails
  2415 | D:3      | Reached XP level 6. HP: 37/37 MP: 6/6
  2733 | D:4      | Found Zolant's Armour Emporium.
  2745 | D:4      | Bought a +0 helmet of see invisible for 115 gold pieces
  2761 | D:4      | Found a shadowy altar of Dithmenos.
  2791 | D:4      | Found a hide-covered altar of Uskayaw.
  2886 | D:4      | Found a staircase to the Ecumenical Temple.
  2924 | Temple   | Entered the Ecumenical Temple
  2972 | Temple   | Became a worshipper of Warmaster Okawaru
  3274 | D:4      | Reached skill level 7 in Maces & Flails
  3645 | D:4      | Found a burning altar of Makhleb.
  3704 | D:5      | Entered Level 5 of the Dungeon
  3725 | D:5      | Reached XP level 7. HP: 35/41 MP: 7/7
  4080 | D:5      | Reached skill level 8 in Maces & Flails
  4159 | D:5      | Reached * piety under Okawaru
  4371 | D:5      | Found a blossoming altar of Fedhas.
  4371 | D:5      | Found a shimmering altar of Xom.
  4506 | D:6      | Found a glowing drain.
  4510 | Sewer    | Entered a sewer
  5207 | D:6      | Reached skill level 9 in Maces & Flails
  5207 | D:6      | Reached XP level 8. HP: 31/46 MP: 8/8
  5790 | D:6      | Reached ** piety under Okawaru
  5790 | D:6      | Reached skill level 10 in Maces & Flails
  7078 | D:7      | Found a stormy altar of Qazlal.
  7283 | D:7      | Demolished by an orc warrior

Illustrated notes

Levels and vault maps discovered:
D:1:      onia_arrival_pyramid, layout_loops_ring
D:2:      layout_basic, lemuel_doored_altar
D:3:      layout_rooms, grunt_ministairs_12
D:4:      layout_loops_corners, kennysheep_mini, nicolae_overflow_crystal_walls,
          nicolae_dithmenos_shadow_blocks, minmay_temple_entry_gardened_gates,
          first_ration, serial_shops, nicolae_shop_window_shopping,
          minmay_pentomino_pile
D:5:      minmay_angry_zag, layout_basic, gammafunk_temple_overflow_wave
D:6:      layout_layer_cave, gup_sewer_entry_bowl, minivault_25,
          minmay_crystal_room
D:7:      kennysheep_slugbush, layout_gridville, good_gods_temple_1,
          kennysheep_mini_moat, grunt_livestock, minmay_door_square,
          uniq_crazy_yiuf_cottage, uniq_harold
Temple:   cyrus_temple_forest

Skill      XL: |  1  2  3  4  5  6  7  8 |
---------------+-------------------------+-----
Maces & Flails | 3 4 5 6 7 9 10 | 10.9
Fighting       | |  3.2
Armour         | |  3.2
Shields        | |  3.4

Action                   |  1- 3 |  4- 6 |  7- 9 || total
-------------------------+-------+-------+-------++-------
Melee: Flail             |   102 |   226 |   321 ||   649
 Abil: Evoke Flight      |       |       |     2 ||     2
  Use: Scroll            |       |     3 |     6 ||     9
  Eat: Chunk             |       |     9 |     9 ||    18
       Ration            |       |       |     1 ||     1
Armor: Scale mail        |   103 |   205 |   172 ||   480
Dodge: Dodged            |    57 |    93 |   110 ||   260
Block: Kite shield       |    94 |   186 |   164 ||   444
